 Dungeon Crawl Stone Soup version 0.24.1-1-gd1d2a07e1b (webtiles) character file.

Game seed: 4036815859779160916, levelgen mode: deterministic

695 Descartes the Magician (level 7, -1/36 HPs)
             Began as a Deep Elf Air Elementalist on Apr 8, 2020.
             Slain by Ijyb (2 damage)
             ... while paralysed by Ijyb
             ... on level 4 of the Dungeon.
             The game lasted 00:10:01 (4664 turns).

Descartes the Magician (Deep Elf Air Elementalist)  Turns: 4664, Time: 00:10:02

Health: -1/36      AC:  3    Str:  5    XL:     7   Next: 37%
Magic:  12/17      EV:  2    Int: 22    God:
Gold:   151        SH:  0    Dex: 15    Spells: 8/16 levels left

rFire    . . .     SeeInvis .   v - +0 dagger
rCold    . . .     Gourm    .   (no shield)
rNeg     . . .     Faith    .   a - +0 robe
rPois    .         Spirit   .   (no helmet)
rElec    .         Reflect  .   (no cloak)
rCorr    .         Harm     .   n - +0 pair of gloves
MR       .....                  (no boots)
Stlth    +++.......             (no amulet)
HPRegen  0.12/turn              (no ring)
MPRegen  0.15/turn              (no ring)

@: paralysed
A: no striking features
a: no special abilities


You were on level 4 of the Dungeon.
You were not hungry.

You visited 1 branch of the dungeon, and saw 6 of its levels.

You collected 151 gold pieces.

Inventory:

Hand Weapons
 v - a +0 dagger (weapon)
Missiles
 f - 71 stones
 h - 20 arrows
 k - 9 boomerangs (quivered)
 s - 18 poisoned darts
 w - 7 silver javelins
 A - 3 boomerangs of dispersal
Armour
 a - a +0 robe (worn)
 m - a +0 ring mail of cold resistance
 n - a +0 pair of gloves (worn)
Wands
 o - a wand of scattershot (3)
Scrolls
 b - 5 scrolls of identify {unknown}
 d - 2 scrolls of remove curse {unknown}
 i - a scroll of noise {unknown}
 j - 2 scrolls of fog {unknown}
 l - 2 scrolls of teleportation {unknown}
 x - a scroll of vulnerability {unknown}
 y - a scroll of amnesia {unknown}
Potions
 e - a potion of flight {unknown}
 g - a potion of brilliance {unknown}
 p - a potion of lignification {unknown}
 q - a potion of berserk rage {unknown}
 r - 2 potions of curing {unknown}
 t - a potion of ambrosia {unknown}
 u - 2 potions of degeneration {unknown}
Comestibles
 c - 6 rations
 z - 5 chunks of flesh


   Skills:
 - Level 1.2 Armour
 + Level 4.8 Dodging
 + Level 5.1 Stealth
 + Level 5.4 Spellcasting
 + Level 3.8 Conjurations
 + Level 4.5 Air Magic


You had 8 spell levels left.
You knew the following spells:

 Your Spells              Type           Power        Failure   Level  Hunger
a - Shock                 Conj/Air       ###.         1%          1    None
b - Airstrike             Air            ####......   16%         4    ####...
c - Static Discharge      Conj/Air       ###.....     5%          3    ##.....

Your spell library contained the following spells:

 Spells                   Type           Power        Failure   Level  Hunger
 Swiftness                Chrm/Air       ###.....     6%          2    None
 Lightning Bolt           Conj/Air       ###.......   43%         5    #####..


Dungeon Overview and Level Annotations

Branches:
Dungeon (6/15)
 Temple: D:4-7

Altars:
Cheibriados
Wu Jian
The Shining One

Annotations:
D:4 Ijyb, Menkaure
D:6 Dowan, Duvessa


Message History

Aim: Ijyb, wearing a +0 chain mail and carrying a wand of paralysis (6) (moderately wounded)
The zap hits Ijyb.
Ijyb is heavily wounded.
Ijyb zaps a wand.
You suddenly lose the ability to move!
The orc hits you with a +1 falchion of protection!
The orc hits you with a +1 falchion of protection.
The orc hits you with a +0 dagger. Ijyb hits you.
The orc hits you with a +0 dagger.
The orc hits you with a +1 falchion of protection.
Ijyb hits you. The orc hits you with a +0 dagger.
The orc hits you but does no damage. The orc hits you with a +0 hand axe.
* * * LOW HITPOINT WARNING * * *
Ijyb zaps a wand.
You shrug off the repeated paralysis!
The orc barely misses you.
The orc hits you with a +1 falchion of protection!
* * * LOW HITPOINT WARNING * * *
The orc hits you with a +0 hand axe.
* * * LOW HITPOINT WARNING * * *
Ijyb hits you.
You die...

. . .?#### .#
......######..#
.............#
.............#.
......).o......
.......@g......
......ooo......
...............
...............
...............
...............
...............
..........)....


You could see Ijyb and 4 orcs.

Vanquished Creatures
  A phantom (D:2)
  An ogre (D:6)
  2 bullfrogs (D:6)
  A crimson imp (D:6)
  A bullfrog skeleton (D:6)
  A jelly (D:6)
  2 orc priests (D:3)
  A centaur skeleton (D:5)
  A worker ant (D:6)
  3 orc wizards
  A hound zombie (D:6)
  2 adders
  A shadow imp (D:6)
  3 worms
  3 leopard geckos
  13 orcs
  A giant cockroach (D:1)
  3 hobgoblins (D:2)
  3 jackals (D:2)
  4 kobolds
  A quokka (D:2)
  6 bats
  4 frilled lizards
  3 goblins
  4 rats
66 creatures vanquished.

Notes
Turn   | Place    | Note
-------+----------+-------------------------------------------
     0 | D:1      | Descartes the Deep Elf Air Elementalist began the quest for
                  | the Orb.
     0 | D:1      | Reached XP level 1. HP: 10/10 MP: 6/6
   343 | D:1      | Reached XP level 2. HP: 15/15 MP: 4/8
   544 | D:1      | Found a glowing golden altar of the Shining One.
  1155 | D:2      | Reached XP level 3. HP: 19/19 MP: 7/9
  1177 | D:2      | Found a snail-covered altar of Cheibriados.
  1401 | D:2      | Noticed a phantom
  1665 | D:2      | Found an ornate altar of the Wu Jian Council.
  2073 | D:2      | Killed a phantom
  2073 | D:2      | Reached skill level 1 in Armour
  2073 | D:2      | Reached XP level 4. HP: 9/24 MP: 0/11
  2293 | D:2      | Reached XP level 5. HP: 28/28 MP: 10/13
  2951 | D:3      | You fall into a shaft and drop 3 floors!
  2960 | D:6      | Reached XP level 6. HP: 13/32 MP: 5/14
  3278 | D:6      | Learned a level 4 spell: Airstrike
  3282 | D:6      | Learned a level 3 spell: Static Discharge
  3682 | D:6      | Reached skill level 5 in Spellcasting
  3789 | D:6      | Noticed Duvessa
  3789 | D:6      | Noticed Dowan
  4093 | D:6      | Reached XP level 7. HP: 25/36 MP: 9/16
  4427 | D:5      | Entered Level 5 of the Dungeon
  4442 | D:5      | Reached skill level 5 in Stealth
  4639 | D:4      | Noticed Menkaure
  4651 | D:4      | Noticed Ijyb
  4652 | D:4      | Paralysed by Ijyb for 3 turns
  4659 | D:4      | Paralysed by Ijyb for 7 turns
  4664 | D:4      | HP: 1/36 [orc/+0 hand axe (2)]
  4664 | D:4      | Slain by Ijyb

Levels and vault maps discovered:
D:1:      roderic_dead_forest, layout_rooms, tso_altar
D:2:      wad_pebble_path, layout_rooms, lemuel_doored_altar,
          cheibriados_altar_1
D:3:      layout_loops_ring, chequers_temple_overflow_statue_of_worship,
          nicolae_gozag_seed_capital, first_ration, uniq_crazy_yiuf_cottage
D:4:      layout_cave_pods, minmay_temple_entry_slanted,
          hangedman_decor_clover_reticule, uniq_menkaure, uniq_ijyb
D:5:      layout_basic, uniq_pikel
D:6:      layout_basic, uniq_sigmund, uniq_duvessa

Skill      XL: |  1  2  3  4  5  6  7 |
---------------+----------------------+-----
Armour         | 1 |  1.2
Dodging        | 3 4 |  4.8
Stealth        | 3 4 5 |  5.1
Conjurations   | 2 3 |  3.8
Spellcasting   | 4 5 |  5.4
Air Magic      | 4 |  4.5

Action                   |  1- 3 |  4- 6 |  7- 9 || total
-------------------------+-------+-------+-------++-------
Melee: Unarmed           |    12 |       |       ||    12
       Dagger            |     6 |       |       ||     6
Throw: Boomerang         |    12 |       |       ||    12
       Dart              |    10 |       |       ||    10
 Cast: Shock             |   109 |    87 |    28 ||   224
       Airstrike         |       |       |     1 ||     1
  Eat: Chunk             |     3 |     6 |     2 ||    11
Armor: Robe              |     9 |     2 |       ||    11
Dodge: Dodged            |    38 |    14 |     6 ||    58
